 Dungeon Crawl Stone Soup version 0.15.2 (webtiles) character file.

14 HopeRidesAlone the Insei (level 2, -2/24 HPs)
             Began as a Mummy Monk on Oct 24, 2015.
             Slain by a hobgoblin (5 damage)
             ... on Level 1 of the Dungeon.
             The game lasted 00:00:37 (588 turns).

HopeRidesAlone the Insei (Mummy Monk)                Turns: 588, Time: 00:00:37

HP  -2/24        AC  0     Str 14      XL: 2   Next: 31%
MP   2/2         EV 13     Int  9      God:
Gold 58          SH  0     Dex 14      Spells:  0 memorised,  1 level left

rFire  x . .     SeeInvis .       - Unarmed
rCold  + . .     Clarity  .     (no armour)
rNeg   + + +     rCorr    .     (no shield)
rPois  +         rRot     +     (no helmet)
rElec  .         Spirit   .     (no cloak)
SustAb .         Warding  .     (no gloves)
rMut   .         Stasis   .     (no boots)
Gourm  .                        (no amulet)
MR     .....                    (no ring)
                                (no ring)

@: not resistant to hostile enchantments, unstealthy
A: no food or potions, fire vulnerability, restore body, cold resistance 1,
negative energy resistance 3, poison resistance, torment resistance, unbreathing
a: no special abilities


You were on level 1 of the Dungeon.
You were not hungry.

You visited 1 branch of the dungeon, and saw 1 of its levels.

You collected 58 gold pieces.


Innate Abilities, Weirdness & Mutations

You do not eat or drink.
Your flesh is vulnerable to fire.
Your flesh is cold resistant.
You are immune to negative energy.
Your system is resistant to poisons.
You are immune to unholy pain and torment.
You can survive without breathing.


   Skills:
 - Level 3.0 Fighting
 - Level 2.4 Dodging
 - Level 1.5 Stealth
 + Level 3.8 Unarmed Combat


You had one spell level left.
You didn't know any spells.

Inventory:

Armour
 a - a +0 robe
Scrolls
 b - 2 scrolls of random uselessness {unknown}
 c - a scroll of remove curse {unknown}
 d - a scroll of enchant armour {unknown}
 e - a scroll of teleportation {unknown}

Dungeon Overview and Level Annotations

Branches:
Dungeon (1/15)

Altars:

.....#############.# ####'####
...........%(....#.# #.##
################.#.#########..###
..... ..................%>.....
#### ### #######.#.##########.###
♣♣♣♣≈#.# #.#.# #.## ≈≈≈≈♣P≈♣.##
#.#.# ###..##
≈≈P≈≈≈P≈≈≈♣♣####g#.# #......
♣≈≈≈≈≈≈≈≈P≈≈≈≈##M#.# #.##..#
≈≈P≈P≈≈≈≈≈≈≈≈≈≈#h#.########.##..#
P≈≈≈≈P≈≈≈≈P≈≈≈≈♣h#..........##..#
P.%PP≈≈P≈≈≈≈≈≈≈.h#########.####..
..≈..≈.≈≈≈≈≈≈≈h.## ##≈#.#≈##..
.......!........# ##≈P.=.P≈##.
≈≈..............######≈P8P.P8P≈#.
≈≈P≈≈.≈≈.....(..%...###≈P...P≈##.
≈PP≈≈≈≈≈≈♣####......# #≈♣.<.P≈##.


You could see 3 jackals and a hobgoblin.


Message History

You hit the jackal but do no damage.
The jackal is moderately wounded.
The jackal closely misses you.
You barely miss the jackal.
The jackal is moderately wounded.
The jackal closely misses you.
You miss the jackal.
The jackal is moderately wounded.
The jackal bites you.
* * * LOW HITPOINT WARNING * * *
The jackal closely misses you.
You barely miss the jackal.
The jackal is moderately wounded.
The jackal barely misses you.
You closely miss the jackal.
The jackal is moderately wounded.
The jackal closely misses you.
You hit the jackal.
The jackal is heavily wounded.
The jackal bites you.
* * * LOW HITPOINT WARNING * * *
The hobgoblin barely misses you. The jackal misses you.
You hit the jackal.
The jackal is heavily wounded.
The jackal barely misses you. The hobgoblin hits you.
* * * LOW HITPOINT WARNING * * *
You hit the jackal but do no damage.
The jackal is heavily wounded.
The jackal barely misses you. The hobgoblin hits you.
You die...

Action                   || total
-------------------------++-------
Melee: Unarmed           ||    53

Vault maps used:
D:1:      ldierk_walled_garden_2, serial_bayou_ford_a

Notes
Turn   | Place    | Note
--------------------------------------------------------------
     0 | D:1      | HopeRidesAlone, the Mummy Monk, began the quest for the Orb.
     0 | D:1      | Reached XP level 1. HP: 18/18 MP: 1/1
   304 | D:1      | Reached XP level 2. HP: 21/24 MP: 2/2
   588 | D:1      | Slain by a hobgoblin

Vanquished Creatures
  An ooze (D:1)
  2 bats (D:1)
  2 giant cockroaches (D:1)
  3 goblins (D:1)
  A hobgoblin (D:1)
  2 kobolds (D:1)
  A rat (D:1)
12 creatures vanquished.

Vanquished Creatures (others)
  4 toadstools (D:1)
4 creatures vanquished.

Grand Total: 16 creatures vanquished
